 Dungeon Crawl Stone Soup version 0.21.1-1-g345015f (webtiles) character file.

68 shakethe the Skirmisher (level 4, -3/37 HPs)
             Began as a Demonspawn Fighter on Feb 21, 2018.
             Killed by divine providence
             ... invoked by an orc priest
              (7 damage)
             ... on level 2 of the Dungeon.
             The game lasted 00:01:14 (1174 turns).

shakethe the Skirmisher (Demonspawn Fighter)        Turns: 1174, Time: 00:01:15

Health: -3/37      AC:  6    Str: 17    XL:     4   Next: 1%
Magic:  4/4        EV:  6    Int:  9    God:
Gold:   70         SH:  8    Dex: 13    Spells: 3/3 levels left

rFire    . . .     SeeInvis .   a - +0 war axe
rCold    . . .     Gourm    .   c - +0 shield
rNeg     . . .     Faith    .   b - +0 scale mail
rPois    .         Spirit   .   (helmet restricted)
rElec    .         Reflect  .   (no cloak)
rCorr    .         Harm     .   (no gloves)
MR       .....                  (no boots)
Stlth    ..........             (no amulet)
HPRegen  0.12/turn              (no ring)
MPRegen  0.09/turn              (no ring)

@: no status effects
A: horns 1
a: no special abilities


You were on level 2 of the Dungeon.
You were very hungry.

You visited 1 branch of the dungeon, and saw 2 of its levels.

You collected 70 gold pieces.

Inventory:

Hand Weapons
 a - a +0 war axe (weapon)
Armour
 b - a +0 scale mail (worn)
 c - a +0 shield (worn)
 j - a cursed +0 cloak
   (You found it on level 1 of the Dungeon)
Scrolls
 e - a scroll of blinking {unknown}
 h - a scroll of amnesia {unknown}
 i - 2 scrolls of fog {unknown}
 k - 2 scrolls of identify {unknown}
Potions
 d - a potion of might
 g - a potion of mutation {unknown}
Comestibles
 f - 7 rations


   Skills:
 + Level 3.7 Fighting
 - Level 2.0 Axes
 + Level 3.3 Armour
 - Level 2.6 Shields
 + Level 1.3 Unarmed Combat


You had 3 spell levels left.
You didn't know any spells.

Dungeon Overview and Level Annotations

Branches:
Dungeon (2/15)

Altars:
Elyvilon


Innate Abilities, Weirdness & Mutations

You have a pair of small horns on your head.


Message History

No target in view!
No target in view!
No target in view!
No target in view!
Found a white marble altar of Elyvilon.
No target in view!
No target in view!
No target in view!
No target in view!
No target in view!
No target in view!
No target in view!
No target in view!
No target in view!
No target in view!
No target in view!
No target in view!
You enter the shallow water.
Moving in this stuff is going to be slow.
You now have 61 gold pieces (gained 3).
A worm comes into view.
You are feeling hungry.
You slash the worm! You headbutt the worm. The worm barely misses you.
You hit the worm.
You kill the worm!
No target in view!
No target in view!
No target in view!
No target in view!
No target in view!
No target in view!
No target in view!
No target in view!
No target in view!
No target in view!
No target in view!
No target in view!
An adder comes into view.
The adder hisses angrily.
You slash the adder! The adder bites you.
You are poisoned.
The adder poisons you! The adder barely misses you.
You take 3 damage, and have 26/29 hp.
You slash the adder!
You kill the adder!
You feel sick.
You feel sick.
You take 1 damage, and have 25/30 hp.
Unknown command.
You start resting.
You feel sick. x5
You are no longer poisoned.
You take 3 damage, and have 22/30 hp.
You now have 70 gold pieces (gained 9).
g - a metallic brown potion You regained 4 hp, and now have 26/30 hp.
No target in view!
An orc and an orc priest come into view.
The orc shouts!
The orc moves out of view. 2 orcs come into view.
You regained 3 hp, and now have 29/30 hp.
The orc shouts!
The orc hits you but does no damage.
You slash the orc!
You kill the orc!
You block the orc's attack.
Your shield prevents you from hitting the orc.
The orc completely misses you.
You are feeling very hungry.
You slash the orc!
You kill the orc!
You have reached level 4!
You feel agile. You block the orc's attack.
Health restored: 37; MP restored: 4 You closely miss the orc.
The orc barely misses you.
Your scale mail prevents you from hitting the orc.
The orc priest invokes the aid of Beogh against you.
Beogh smites you! The orc hits you but does no damage.
The orc priest mumbles some strange prayers to Beogh against you.
Beogh smites you! The orc hits you with a hand axe.
You take 19 damage, and have 18/37 hp.
MASSIVE DAMAGE!!
Your shield and scale mail prevent you from hitting the orc.
You block the orc's attack.
You hit the orc. You headbutt the orc.
The orc priest calls upon Beogh to heal the orc.
The orc's wounds heal themselves!
The orc hits you but does no damage.
The orc priest invokes the aid of Beogh against you.
Beogh smites you!
* * * LOW HITPOINT WARNING * * *
You take 11 damage, and have 7/37 hp.
MASSIVE DAMAGE!!
You closely miss the orc. Your headbutt misses the orc.
The orc hits you with a hand axe.
* * * LOW HITPOINT WARNING * * *
The orc priest calls down the wrath of Beogh upon you.
Beogh smites you!
You die...

#..# #..#......#. #..#..
#..#...##... #..#.# #...........
#..#.# #........... #..#.#
#........... #..#.## #..#..######
#..#o. ...#........
#..#o#####..#...#####
#..#@#...#..#...# # #####
#..#.#.#.#.<#...##### ....#
#..#.#.#.#.[#......<#
....#########..#[..#.#..#..######
....+..........#####.#.....######
....#########........#..##.##....
....# #..#####.#..##.##.### ....#
#######..#...#.#...#.##.# ..###
#....##..#.#.#.#...#.##.#


You could see an orc priest and an orc.

Vanquished Creatures
  2 adders (D:2)
  A worm (D:2)
  2 dart slugs
  2 orcs (D:2)
  6 bats (D:1)
  A giant cockroach (D:1)
  6 hobgoblins
  3 jackals (D:1)
  A ball python (D:2)
  A frilled lizard (D:1)
  7 goblins
  3 kobolds (D:1)
  3 rats (D:1)
38 creatures vanquished.

Vanquished Creatures (others)
  A rat (D:2)
1 creature vanquished.

Grand Total: 39 creatures vanquished

Notes
Turn   | Place    | Note
-------+----------+-------------------------------------------
     0 | D:1      | shakethe the Demonspawn Fighter began the quest for the Orb.
     0 | D:1      | Reached XP level 1. HP: 18/18 MP: 1/1
    96 | D:1      | Reached skill level 2 in Axes
   100 | D:1      | Gained mutation: You have a pair of small horns on your head. [demonic ancestry]
   100 | D:1      | Reached XP level 2. HP: 19/24 MP: 2/2
   118 | D:1      | Reached skill level 3 in Armour
   445 | D:1      | Reached XP level 3. HP: 28/29 MP: 3/3
   708 | D:2      | Reached skill level 1 in Unarmed Combat
   978 | D:2      | Found a white marble altar of Elyvilon.
  1169 | D:2      | Reached XP level 4. HP: 37/37 MP: 4/4
  1173 | D:2      | HP: 7/37 [orc priest/divine providence (12)]
  1174 | D:2      | Killed from afar by an orc priest

Skill      XL: |  1  2  3 |
---------------+----------+-----
Axes           | 2 |  2.0
Armour         | 3 |  3.3
Unarmed Combat | 1 |  1.3
Fighting       | |  3.7
Shields        | |  2.6

Action                   |  1- 3 |  4- 6 || total
-------------------------+-------+-------++-------
Melee: War axe           |    95 |     5 ||   100
       Headbutt          |     7 |     1 ||     8
Armor: Scale mail        |    62 |     2 ||    64
Dodge: Dodged            |    37 |     1 ||    38
Block: Shield            |    56 |     2 ||    58

Vault maps used:
D:1:      nzn_arrival_depleted_hourglass, minmay_cupped
D:2:      roderic_lattice_a, elyvilon_altar_4

Table legend:
 A = Turns spent in this place as a percentage of turns spent in the entire game.
 B = Non-inter-level travel turns spent in this place as a percentage of non-inter-level travel turns spent in the entire game.
 C = Inter-level travel turns spent in this place as a percentage of turns spent in this place.
 D = Turns resting spent in this place as a percentage of non-inter-level travel turns spent in this place.
 E = Turns spent auto-exploring this place as a percentage of non-inter-level travel turns spent in this place.
 F = Non-inter-level travel turns spent in this place divided by the number of levels of this place that you've seen.
                   A       B       C       D       E      F
               +-------+-------+-------+-------+-------+----------------------
         Total | 100.0 | 100.0 |   1.8 |   9.4 |  70.8 | 576.5
       Dungeon | 100.0 | 100.0 |   1.8 |   9.4 |  70.8 | 576.5
               +-------+-------+-------+-------+-------+----------------------

Table legend:
 A = Kills in this place as a percentage of kills in entire the game.
 B = Kills by you in this place as a percentage of kills by you in the entire game.
 C = Kills by friends in this place as a percentage of kills by friends in the entire game.
 D = Other kills in this place as a percentage of other kills in the entire game.
 E = Experience gained in this place as a percentage of experience gained in the entire game.
 F = Experience gained in this place divided by the number of levels of this place that you have seen.
                   A       B       C       D       E      F
               +-------+-------+-------+-------+-------+----------------------
         Total | 100.0 | 100.0 |   N/A |   N/A | 100.0 |  49.0
       Dungeon | 100.0 | 100.0 |   N/A |   N/A | 100.0 |  49.0
               +-------+-------+-------+-------+-------+----------------------
